 Dungeon Crawl Stone Soup version 0.21.0-3-g78d12a8 (webtiles) character file.

325 inmateoo the Skirmisher (level 6, -6/45 HPs)
             Began as a Human Air Elementalist on Jan 10, 2018.
             Mangled by Amaterasu's ghost (8 damage)
             ... on level 3 of the Dungeon.
             The game lasted 00:09:03 (5162 turns).

inmateoo the Skirmisher (Human Air Elementalist)    Turns: 5162, Time: 00:09:04

Health: -6/45      AC:  3    Str: 10    XL:     6   Next: 78%
Magic:  9/9        EV: 17    Int: 21    God:
Gold:   112        SH:  0    Dex: 18    Spells: 3/9 levels left

rFire    + . .     SeeInvis .   q - +2 short sword (drain)
rCold    . . .     Gourm    +   (no shield)
rNeg     . . .     Faith    .   a - +0 robe
rPois    .         Spirit   .   d - +0 helmet
rElec    .         Reflect  .   (no cloak)
rCorr    .         Harm     .   (no gloves)
MR       .....     Clarity  +   (no boots)
Stlth    +++.......             k - amulet of the gourmand
HPRegen  0.15/turn              (no ring)
MPRegen  0.11/turn              (no ring)

@: brilliant, agile, drained
A: clarity, fire resistance 1, frail 1, screaming 1
a: no special abilities


You were on level 3 of the Dungeon.
You were very full.

You visited 1 branch of the dungeon, and saw 3 of its levels.

You collected 112 gold pieces.

Inventory:

Hand Weapons
 n - a +0 mace of crushing
 p - a +0 short sword of venom
 q - a +2 short sword of draining (weapon)
Armour
 a - a +0 robe (worn)
 d - a +0 helmet (worn)
Jewellery
 k - an amulet of the gourmand (around neck)
Wands
 t - a wand of paralysis (9)
Scrolls
 j - 3 scrolls of identify
 o - 2 scrolls of magic mapping
 r - 2 scrolls of remove curse
Potions
 f - a potion of flight
 h - a potion of brilliance
Books
 b - a book of Air

   Spells                             Type                      Level
   a - Shock                          Conjuration/Air              1
   b - Swiftness                      Charms/Air                   2
   c - Static Discharge               Conjuration/Air              3
   d - Airstrike                      Air                          4
   e - Lightning Bolt                 Conjuration/Air              5
 m - a book of the Warp

   Spells                             Type                      Level
   a - Gell's Gravitas                Translocation                3
   b - Portal Projectile              Hexes/Translocation          3
   c - Force Lance                    Conjuration/Translocation    4
   d - Dispersal                      Translocation                6
   e - Controlled Blink               Translocation                8
   f - Disjunction                    Translocation                8
Comestibles
 c - 4 rations


   Skills:
 - Level 5.0(4.7) Fighting
 + Level 3.1(2.9) Maces & Flails
 - Level 2.0(1.8) Dodging
 - Level 2.5(2.3) Stealth
 - Level 2.0(1.8) Spellcasting
 - Level 1.0(0.8) Conjurations
 - Level 3.0(2.7) Air Magic


You had 3 spell levels left.
You knew the following spells:

 Your Spells              Type           Power        Failure   Level  Hunger
a - Shock                 Conj/Air       ###.         1%          1    #......
b - Swiftness             Chrm/Air       ###.....     1%          2    ###....
c - Static Discharge      Conj/Air       ###.....     2%          3    ###....


Dungeon Overview and Level Annotations

Branches:
Dungeon (3/15)

Altars:
Yredelemnul

Annotations:
D:2 1 runed door
D:3 Amaterasu's ghost, amateur GrMo


Innate Abilities, Weirdness & Mutations

You possess an exceptional clarity of mind.
Your flesh is heat resistant. (rF+)
You are frail. (-10% HP)
You occasionally shout uncontrollably at your foes.


Message History

Amaterasu's ghost is heavily damaged.
Amaterasu's ghost hits you. Amaterasu's ghost closely misses you.
You barely miss Amaterasu's ghost.
Amaterasu's ghost is heavily damaged.
Amaterasu's ghost barely misses you.
You hit Amaterasu's ghost but do no damage.
Amaterasu's ghost is heavily damaged.
Amaterasu's ghost misses you.
You hit Amaterasu's ghost.
Amaterasu's ghost is heavily damaged.
Amaterasu's ghost hits you.
* * * LOW HITPOINT WARNING * * *
You completely miss Amaterasu's ghost.
Amaterasu's ghost is heavily damaged.
Amaterasu's ghost hits you!
* * * LOW HITPOINT WARNING * * *
You hit Amaterasu's ghost.
Amaterasu's ghost is severely damaged.
Amaterasu's ghost hits you!
You die...

#.########.
#รท##..#..'.
#.##..#..#.
####'#####.
########..'.....#.
#......#..#.....#.
#.#########.....).
#.# #..#.....#.
#@# #..'.....#.
#W# ####'#####.
#.# #..#..#. #.#
#..#..'. #.#
#######. #.# ##
#.###############.
#...(.............
##################


You could see Amaterasu's ghost.

Vanquished Creatures
  2 orc priests (D:3)
  An orc wizard (D:3)
  Terence (D:3)
  3 gnolls (D:3)
  8 adders
  An ooze (D:2)
  4 worms
  4 dart slugs
  2 leopard geckos
  4 orcs (D:3)
  10 bats
  2 giant cockroaches (D:2)
  7 goblins
  8 hobgoblins
  8 jackals
  5 ball pythons (D:3)
  5 frilled lizards
  A jackal zombie (D:2)
  6 kobolds
  6 rats
88 creatures vanquished.

Notes
Turn   | Place    | Note
-------+----------+-------------------------------------------
     0 | D:1      | inmateoo the Human Air Elementalist began the quest for the Orb.
     0 | D:1      | Reached XP level 1. HP: 13/13 MP: 3/3
   311 | D:1      | Reached skill level 1 in Fighting
   633 | D:1      | Reached XP level 2. HP: 14/21 MP: 5/5
  1143 | D:2      | Reached skill level 2 in Fighting
  1255 | D:2      | Reached XP level 3. HP: 17/28 MP: 1/6
  1896 | D:2      | Learned a level 2 spell: Swiftness
  1900 | D:2      | Learned a level 3 spell: Static Discharge
  1925 | D:2      | Reached skill level 3 in Fighting
  2025 | D:2      | Reached XP level 4. HP: 35/35 MP: 1/7
  2233 | D:2      | Found a runed door.
  2233 | D:2      | Noticed a human
  2236 | D:2      | Found a basalt altar of Yredelemnul.
  2766 | D:3      | Reached skill level 4 in Fighting
  2766 | D:3      | Reached XP level 5. HP: 11/42 MP: 0/8
  3048 | D:3      | Noticed Amaterasu's ghost (amateur GrMo)
  3165 | D:3      | Noticed Terence
  3189 | D:3      | Killed Terence
  3327 | D:3      | Reached skill level 1 in Maces & Flails
  3351 | D:3      | Reached XP level 6. HP: 30/49 MP: 3/9
  3766 | D:3      | Reached skill level 5 in Fighting
  5151 | D:3      | Gained mutation: You are frail. (-10% HP) [potion of mutation]
  5151 | D:3      | Gained mutation: Your spells are a little easier to cast, but a little less powerful. [potion of mutation]
  5151 | D:3      | Gained mutation: You occasionally shout uncontrollably at your foes. [potion of mutation]
  5151 | D:3      | Gained mutation: Your flesh is heat resistant. (rF+) [potion of mutation]
  5152 | D:3      | Lost mutation: You are frail. (-10% HP) [potion of mutation]
  5152 | D:3      | Lost mutation: Your spells are a little easier to cast, but a little less powerful. [potion of mutation]
  5152 | D:3      | Gained mutation: You are frail. (-10% HP) [potion of mutation]
  5152 | D:3      | Gained mutation: You possess an exceptional clarity of mind. [potion of mutation]
  5161 | D:3      | HP: 2/45 [Amaterasu's ghost (7)]
  5162 | D:3      | Mangled by Amaterasu's ghost

Skill      XL: |  1  2  3  4  5  6 |
---------------+-------------------+-----
Fighting       | 1 2 3 4 5 |  5.0
Maces & Flails | 1 3 |  3.1
Dodging        | |  2.0
Stealth        | |  2.5
Spellcasting   | |  2.0
Conjurations   | |  1.0
Air Magic      | |  3.0

Action                   |  1- 3 |  4- 6 || total
-------------------------+-------+-------++-------
Melee: Mace              |    64 |    83 ||   147
       Unarmed           |     5 |       ||     5
       Short sword       |       |   149 ||   149
 Cast: Shock             |    50 |    32 ||    82
       Static Discharge  |       |     3 ||     3
  Use: Scroll            |       |     8 ||     8
       Potion            |       |     9 ||     9
 Stab: Sleeping          |     2 |     6 ||     8
  Eat: Chunk             |    10 |    18 ||    28
Armor: Robe              |    25 |    59 ||    84
Dodge: Dodged            |    65 |   167 ||   232
